 Dungeon Crawl Stone Soup version 0.29.0-4-gdea44cf6ec (webtiles) character file.

Game seed: 6701713350083324720

39 qw the Chopper (level 3, -3/21 HPs)
             Began as a Tengu Warper on Aug 28, 2022.
             Slain by a gnoll
             ... wielding a +0 spear
              (6 damage)
             ... on level 2 of the Dungeon.
             The game lasted 00:00:04 (829 turns).

qw the Chopper (Tengu Warper)                        Turns: 829, Time: 00:00:04

Health: -3/21      AC:  3    Str: 13    XL:     3   Next: 45%
Magic:  7/7        EV: 12    Int: 13    God:
Gold:   14         SH:  0    Dex: 13    Spells: 6/6 levels left

rFire   + . .      SeeInvis .   Y - +0 hand axe
rCold   . . .      Faith    .   (no shield)
rNeg    . . .      Spirit   .   b - +0 leather armour
rPois   .          Reflect  .   (helmet restricted)
rElec   .          Harm     .   (no cloak)
rCorr   .          Rampage  .   (no gloves)
Will    .....                   (boots unavailable)
Stlth   +.........              (no amulet)
HPRegen 0.07/turn               k - ring of protection from fire
MPRegen 0.10/turn               (no ring)

@: no status effects
A: beak, talons 3
a: no special abilities


You were on level 2 of the Dungeon.
You visited 1 branch of the dungeon, and saw 2 of its levels.

You collected 14 gold pieces.


Innate Abilities, Weirdness & Mutations

You have a beak for a mouth.
You have claws for feet.


   Skills:
 - Level 2.0 Fighting
 + Level 4.1 Axes
 - Level 1.0 Throwing
 - Level 1.1 Armour
 - Level 2.1 Dodging
 - Level 2.0 Spellcasting
 - Level 2.4 Translocations


You had 6 spell levels left.
You didn't know any spells.
Your spell library contained the following spells:

 Spells                   Type           Power      Damage    Failure   Level
 Blink                    Tloc           14%        N/A       19%         2
 Gell's Gravitas          Tloc           7%         N/A       36%         3
 Lesser Beckoning         Tloc           7%         N/A       36%         3
 Teleport Other           Tloc           7%         N/A       36%         3
 Manifold Assault         Tloc           7%         N/A       98%         5

Inventory:

Hand Weapons
 g - a +0 club
 Y - a +0 hand axe (weapon)
Armour
 b - a +0 leather armour (worn)
Jewellery
 k - a ring of protection from fire (left hand)
Scrolls
 a - a scroll of identify
Potions
 f - a potion of mutation {unknown}

Dungeon Overview and Level Annotations

Branches:
Dungeon (2/15)

Altars:

Shops:
D:2 [


Message History

You hit the gnoll. Your kick misses the gnoll. Your peck misses the gnoll.
The gnoll is heavily wounded.
The gnoll barely misses you.
You hit the gnoll but do no damage.
The gnoll is moderately wounded.
The gnoll barely misses you.
The gnoll hits you from afar with a +0 spear.
You hit the gnoll but do no damage.
The gnoll is moderately wounded.
The gnoll closely misses you. x2
You hit the gnoll but do no damage. You claw the gnoll.
The gnoll is almost dead.
The gnoll misses you. The gnoll closely misses you.
You hit the gnoll but do no damage. Your kick misses the gnoll.
The gnoll is almost dead.
The gnoll closely misses you.
The gnoll hits you from afar with a +0 spear!
You hit the gnoll.
You kill the gnoll!
The gnoll hits you from afar with a +0 spear.
You have reached level 3!
Your experience leads to an increase in your attributes!
Increase (S)trength, (I)ntelligence, or (D)exterity?
You feel stronger. x2
A gnoll comes into view. It is wielding a +0 spear.
The gnoll closely misses you.
Things that are here:
a +0 whip; a gnoll corpse The gnoll shouts!
You hit the gnoll. You claw the gnoll!
The gnoll is severely wounded.
The gnoll hits you but does no damage.
You slash the gnoll!
You kill the gnoll!
Your Axes skill increases to level 4!
Found a stone staircase leading down.
The gnoll hits you from afar with a +0 spear.
You see here a +0 spear.
The gnoll hits you with a +0 spear.
You die...

7## .. # ###
\7.# ...
###...# ##.#
#.<7
#.##..>##)##
#.....g@)..#
####...##..#
....... #..#
##..... ...#
....... ...#
##..... .#<#
###...## .#
#... .#


You could see a gnoll.

Vanquished Creatures
  2 gnolls (D:2)
  A dart slug (D:1)
  A ball python (D:1)
  4 endoplasms (D:1)
  A goblin (D:1)
  3 hobgoblins (D:1)
  2 bats (D:1)
  A frilled lizard (D:1)
  3 rats (D:1)
18 creatures vanquished.

Notes
Turn   | Place    | Note
-------+----------+-------------------------------------------
     0 | D:1      | qw the Tengu Warper began the quest for the Orb.
     0 | D:1      | Reached XP level 1. HP: 12/12 MP: 4/4
     0 | D:1      | 0 ||| qw: Version: 0.1-a-89-g26bdef1
     0 | D:1      | 0 ||| qw: Game counter: 2909
     0 | D:1      | 0 ||| qw: Always use a shield: true
     0 | D:1      | 0 ||| qw: God list: Okawaru
     0 | D:1      | 0 ||| qw: Allow faded altars: false
     0 | D:1      | 0 ||| qw: Do Orc after D:15 true
     0 | D:1      | 0 ||| qw: Do second Lair branch before Depths: true
     0 | D:1      | 0 ||| qw: Lair rune preference: random
     0 | D:1      | 0 ||| qw: Plans: Normal
     0 | D:1      | 0 ||| PLANNING D:1-11
    94 | D:1      | 94 ||| Stepping ~*~*~tactically~*~*~ (hiding).
   196 | D:1      | 196 ||| Stepping ~*~*~tactically~*~*~ (hiding).
   298 | D:1      | 298 ||| Stepping ~*~*~tactically~*~*~ (hiding).
   456 | D:1      | Reached skill level 3 in Axes
   456 | D:1      | Reached XP level 2. HP: 17/17 MP: 6/6
   795 | D:1      | 795 ||| UPGRADING to ring of protection from fire.
   796 | D:1      | 796 ||| READING 3 scrolls labelled LOULAS SIWNUI.
   797 | D:1      | 797 ||| READING scroll labelled XUEGOE JUGI.
   798 | D:1      | 798 ||| READING scroll labelled YCRASU VAEZ.
   799 | D:1      | 799 ||| READING scroll labelled RIUREPESI.
   803 | D:1      | 803 ||| READING scroll labelled MOEPTU JAFANOG.
   804 | D:1      | 804 ||| READING 2 scrolls of identify.
   804 | D:1      | 804 ||| IDENTIFYING clear potion
   805 | D:1      | 805 ||| DROPPING scroll of blinking.
   806 | D:1      | 806 ||| DROPPING potion of ambrosia.
   813 | D:2      | Found Kiloysok's Antique Armour Boutique.
   815 | D:2      | 815 ||| Stepping ~*~*~tactically~*~*~ (hiding).
   824 | D:2      | HP: 4/17 [gnoll/+0 spear (6)]
   825 | D:2      | Reached XP level 3. HP: 4/21 MP: 7/7
   828 | D:2      | Reached skill level 4 in Axes
   829 | D:2      | Slain by a gnoll

Levels and vault maps discovered:
D:1:      lemuel_arrival_broad_hall, layout_rooms
D:2:      layout_loops_ring, ebering_ecumenical_altar_abandoned, serial_shops,
          shop_fountains, nicolae_lakefront_shop,
          nicolae_shop_bloodbath_and_beyond, nicolae_shop_trees,
          minmay_pentomino_s4, uniq_terence

Skill      XL: |  1  2  3 |
---------------+----------+-----
Axes           | 3 4 |  4.1
Fighting       | |  2.0
Throwing       | |  1.0
Armour         | |  1.1
Dodging        | |  2.1
Spellcasting   | |  2.0
Translocations | |  2.4

Action                   || total
-------------------------++-------
Melee: Hand axe          ||    30
       Kick              ||     8
       Peck              ||     1
Throw: Boomerang         ||     7
  Use: Scroll            ||     6
Armor: Leather armour    ||     6
Dodge: Dodged            ||    19

Table legend:
 A = Non-vault XP
 B = Vault XP
 C = Vault XP percentage of total XP
 D = Non-vault monster count
 E = Vault monster count
 F = Vault count percentage of total count
                 A         B        C        D         E       F
            +---------+---------+-------+---------+---------+-------
      Total |      56 |       0 |   0.0 |      18 |       0 |   0.0
            +---------+---------+-------+---------+---------+-------
        D:1 |      28 |       0 |   0.0 |      16 |       0 |   0.0
        D:2 |      28 |       0 |   0.0 |       2 |       0 |   0.0
            +---------+---------+-------+---------+---------+-------
